 Dungeon Crawl Stone Soup version 0.18.1-50-g88ac8fd (webtiles) character file.

21130 HolyRage the Severer (level 12, -3/118 HPs)
             Began as a Deep Dwarf Fighter on Sept 21, 2016.
             Was the Champion of Makhleb.
             Slain by a skeletal warrior
             ... wielding a +0 trident
             ... led by a skeletal warrior
              (8 damage)
             ... on level 13 of the Dungeon.
             The game lasted 01:09:47 (10848 turns).

HolyRage the Severer (Deep Dwarf Fighter)          Turns: 10848, Time: 01:09:47

Health: -3/118     AC: 20    Str: 29    XL:     12   Next: 51%
Magic:  8/8        EV:  8    Int: 10    God:    Makhleb [******]
Gold:   852        SH:  6    Dex: 12    Spells: 0 memorised, 11 levels left

rFire  . . .     SeeInvis .     T - +7 battleaxe
rCold  . . .     Gourm    .     C - +0 plate armour
rNeg   . . .     Faith    .     (shield currently unavailable)
rPois  +         Spirit   .     M - +2 helmet
rElec  .         Dismiss  .     K - +0 cloak
rCorr  .         Reflect  +     (no gloves)
SustAt .         Harm     .     D - +0 pair of boots
MR     +....                    F - +6 amulet of reflection
Stlth  ..........               H - ring of poison resistance
                                y - +1 ring of slaying

@: mighty, non-regenerating, somewhat resistant to hostile enchantments,
extremely unstealthy
A: damage resistance, recharge devices, sense surroundings 2, slow regeneration
3
a: Device Recharging, Minor Destruction, Lesser Servant of Makhleb, Major
Destruction, Greater Servant of Makhleb, Renounce Religion


You were on level 13 of the Dungeon.
You worshipped Makhleb.
Makhleb was exalted by your worship.
You were not hungry.

You visited 2 branches of the dungeon, and saw 14 of its levels.

You collected 852 gold pieces.

Inventory:

Hand Weapons
 a - a +1 war axe
 T - a +7 battleaxe (weapon)
Missiles
 v - 4 javelins (quivered)
Armour
 c - a +1 shield
 C - a +0 plate armour (worn)
 D - a +0 pair of boots (worn)
 K - a +0 cloak (worn)
 M - a +2 helmet (worn)
Jewellery
 y - a +1 ring of slaying (left hand)
 A - an uncursed ring of ice
 F - a +6 amulet of reflection (around neck)
 H - a ring of poison resistance (right hand)
 L - a +3 ring of intelligence
Wands
 d - a wand of lightning (5/15)
 e - a wand of heal wounds (7/9)
 q - a wand of acid (12/15)
 I - a wand of paralysis (5/24)
 J - a wand of flame (29/48)
 O - a wand of disintegration (7/24)
 R - a wand of lightning (8/15)
 S - a wand of teleportation (5/9)
Scrolls
 g - 4 scrolls of magic mapping
 h - 4 scrolls of remove curse
 o - 4 scrolls of fear
 r - 4 scrolls of teleportation
 u - 2 scrolls of enchant armour
Potions
 i - 7 potions of curing
 j - 3 potions of lignification
 k - 6 potions of flight
 l - 2 potions of ambrosia
 n - 4 potions of heal wounds
 s - 2 potions of agility
 z - a potion of haste {unknown}
 N - a potion of beneficial mutation {unknown}
 P - a potion of cure mutation {unknown}
Books
 b - a book of Clouds

   Spells                             Type                      Level
   a - Mephitic Cloud                 Conjuration/Poison/Air       3
   b - Conjure Flame                  Conjuration/Fire             3
   c - Poisonous Cloud                Conjuration/Poison/Air       6
   d - Freezing Cloud                 Conjuration/Ice/Air          6
   e - Ring of Flames                 Charms/Fire                  7
 m - a book of Party Tricks

   Spells                             Type                      Level
   a - Summon Butterflies             Summoning                    1
   b - Apportation                    Translocation                1
   c - Tukima's Dance                 Hexes                        3
   d - Alistair's Intoxication        Transmutation/Poison         5
   e - Invisibility                   Hexes                        6
 G - a book of Burglary

   Spells                             Type                      Level
   a - Swiftness                      Charms/Air                   2
   b - Passwall                       Transmutation/Earth          2
   c - Passage of Golubria            Translocation                4
   d - Lee's Rapid Deconstruction     Earth                        5
   e - Darkness                       Hexes                        6
   f - Invisibility                   Hexes                        6
 Q - a book of Envenomations

   Spells                             Type                      Level
   a - Spider Form                    Transmutation/Poison         3
   b - Olgreb's Toxic Radiance        Poison                       4
   c - Alistair's Intoxication        Transmutation/Poison         5
   d - Poisonous Cloud                Conjuration/Poison/Air       6
Comestibles
 f - 9 bread rations
 p - 2 fruits
 x - 5 meat rations
 E - 9 beef jerkies


   Skills:
 + Level 10.7 Fighting
 * Level 16.2 Axes
 - Level 10.0 Armour
 - Level 3.2 Shields


You had 11 spell levels left.
You didn't know any spells.

Dungeon Overview and Level Annotations

Branches:
Dungeon (13/15)            Temple (1/1) D:5             Orc (0/2) D:9
   Lair: D:8-11      Vaults: D:13-14

Altars:
Ashenzari
Cheibriados
Dithmenos
Elyvilon
Fedhas
Gozag
Kikubaaqudgha
Makhleb
Nemelex Xobeh
Okawaru
Pakellas
Qazlal
Ru
Sif Muna
Trog
Vehumet
Xom
Yredelemnul
Zin
The Shining One
Beogh

Shops:
D:13 %(

Annotations:
D:13 exclusion: obsidian statue


Innate Abilities, Weirdness & Mutations

You are resistant to damage.
You can recharge devices by infusing magical energy.
You passively map the area around you.
You do not regenerate naturally.


Message History

Aim: a skeletal warrior, wielding a glaive (lightly damaged)
You throw a javelin.
The javelin hits the skeletal warrior but does no damage.
The skeletal warrior is lightly damaged.
The skeletal warrior hits you from afar with a glaive!
* * * LOW HITPOINT WARNING * * *
The skeletal warrior hits you but does no damage.
Throwing (i - inventory):
v - 5 javelins (quivered)
Press: ? - help, Shift-Dir - straight line, f/p - skeletal warrior
Aim: a skeletal warrior, wielding a glaive (lightly damaged)
You throw a javelin.
The javelin barely misses the skeletal warrior.
You feel less woody.
Your +0 cloak unmelds from your body.
Your +2 helmet unmelds from your body.
Your +0 pair of boots unmelds from your body.
Your +0 plate armour unmelds from your body.
You block the skeletal warrior's attack.
The skeletal warrior hits you but does no damage.
The skeletal warrior hits you from afar with a trident!
You die...

######## #......# #......#######
#............# ######
#.z..........# #....#
#####)....#'##...# #.....
*#.z..###.##zz#...# #..... ,
#...###.###).#...#####..... ⌠,,
#...###.##@).#.............
#...##.#######............. ,
#...##.).##................
#..z##.§.##...............<
########..##÷..##................
#......#..#######.........#######
#......#...##* #..........# ,
#......#....# ###........# , ,
#......#....# , ##########, .


You could see 2 skeletal warriors.

Vanquished Creatures
  2 centaur warriors (D:13)
  The ghost of bworf the Basher, a novice OgHu of Okawaru (D:8)
  The ghost of go0n the Basher, a novice TrBe of Trog (D:7)
  3 skeletal warriors (D:13)
  A phantasmal warrior (D:11)
  4 hill giants
  An ugly thing (D:12)
  A cyclops (D:13)
  2 centaur zombies
  The ghost of appiemonkey the Shield-Bearer, a novice FoFi (D:4)
  A gargoyle (D:11)
  5 trolls
  Prince Ribbit (D:7)
  A merfolk (D:8)
  4 two-headed ogres
  Sigmund (D:5)
  A yak (D:7)
  2 wraiths
  2 wyverns
  A basilisk (D:12)
  3 hogs
  A hungry ghost (D:13)
  5 hippogriffs
  A mottled dragon (D:12)
  A water moccasin (D:10)
  4 sky beasts
  9 black bears
  3 ice beasts
  3 orc warriors
  2 phantoms
  2 necrophages
  8 ogres
  11 centaurs
  3 giant frogs
  4 big kobolds
  A gnoll sergeant (D:8)
  A wyvern zombie (D:6)
  A wyvern skeleton (D:12)
  4 scorpions
  6 killer bees (D:9)
  20 wights
  3 electric eels (D:8)
  9 howler monkeys
  8 crimson imps
  A quasit (D:10)
  2 giant frog zombies
  5 jellies
  6 orc priests
  5 hounds
  8 orc wizards
  4 centaur skeletons
  5 iguanas
  3 gnoll shamans
  10 worker ants
  A hound zombie (D:7)
  A hound skeleton (D:9)
  A worker ant zombie (D:11)
  11 gnolls
  10 adders
  3 shadow imps
  6 oozes
  2 adder skeletons
  3 worms
  3 dart slugs
  6 giant geckos
  39 orcs
  A ball python (D:1)
  10 bats
  6 giant cockroaches
  9 goblins
  16 hobgoblins
  9 jackals
  7 kobolds
  A quokka (D:3)
  A giant cockroach zombie (D:6)
  3 giant newts
  2 quokka skeletons
  A quokka zombie (D:8)
  5 rats
  A bush (D:4)
  A plant (D:4)
357 creatures vanquished.

Vanquished Creatures (others)
  A gnoll (D:7)
  A giant gecko (D:8)
  26 plants (D:8)
28 creatures vanquished.

Grand Total: 385 creatures vanquished

Notes
Turn   | Place    | Note
--------------------------------------------------------------
     0 | D:1      | HolyRage the Deep Dwarf Fighter began the quest for the Orb.
     0 | D:1      | Reached XP level 1. HP: 20/20 MP: 1/1
    76 | D:1      | Reached skill level 3 in Axes
    86 | D:1      | Reached XP level 2. HP: 17/27 MP: 2/2
   444 | D:1      | Reached XP level 3. HP: 20/33 MP: 3/3
   488 | D:1      | Reached skill level 4 in Axes
   588 | D:2      | Reached XP level 4. HP: 17/40 MP: 4/4
   755 | D:2      | Reached skill level 5 in Axes
   872 | D:2      | Reached XP level 5. HP: 22/46 MP: 5/5
  1220 | D:2      | Reached skill level 6 in Axes
  2154 | D:4      | Noticed an ogre
  2198 | D:4      | Killed an ogre
  2198 | D:4      | Reached XP level 6. HP: 36/56 MP: 6/6
  2310 | D:4      | Noticed appiemonkey's ghost (novice FoFi)
  2328 | D:4      | Killed appiemonkey's ghost
  2328 | D:4      | Reached skill level 8 in Axes
  2328 | D:4      | Reached XP level 7. HP: 45/64 MP: 7/7
  3160 | D:5      | Entered Level 5 of the Dungeon
  3354 | D:5      | Noticed Sigmund
  3370 | D:5      | Killed Sigmund
  3370 | D:5      | Reached skill level 9 in Axes
  3370 | D:5      | Reached XP level 8. HP: 65/73 MP: 8/8
  3386 | D:5      | Found a staircase to the Ecumenical Temple.
  3394 | Temple   | Entered the Ecumenical Temple
  3633 | Temple   | Became a worshipper of Makhleb the Destroyer
  3742 | D:5      | Reached skill level 5 in Fighting
  3855 | D:5      | Found a snail-covered altar of Cheibriados.
  4356 | D:6      | Reached skill level 10 in Axes
  4392 | D:6      | Reached * piety under Makhleb
  4641 | D:6      | Reached skill level 11 in Axes
  4789 | D:6      | Gained mutation: You passively map the area around you. [Deep Dwarf growth]
  4789 | D:6      | Reached XP level 9. HP: 45/82 MP: 9/9
  4954 | D:7      | Noticed go0n's ghost (novice TrBe)
  4967 | D:7      | Killed go0n's ghost
  5006 | D:7      | Reached skill level 12 in Axes
  5094 | D:7      | Noticed Prince Ribbit
  5136 | D:7      | Killed Prince Ribbit
  5330 | D:7      | Reached skill level 5 in Armour
  5344 | D:7      | Reached ** piety under Makhleb
  5600 | D:8      | Noticed bworf's ghost (novice OgHu)
  5663 | D:8      | Killed bworf's ghost
  5663 | D:8      | Reached XP level 10. HP: 59/96 MP: 9/9
  6105 | D:8      | Reached *** piety under Makhleb
  6318 | D:8      | Reached skill level 13 in Axes
  6531 | D:8      | Found a glowing silver altar of Zin.
  6794 | D:8      | Reached XP level 11. HP: 102/104 MP: 7/7
  6815 | D:8      | Reached **** piety under Makhleb
  7389 | D:9      | Found a staircase to the Orcish Mines.
  7481 | D:9      | Found a roughly hewn altar of Beogh.
  7676 | D:9      | Reached ***** piety under Makhleb
  7874 | D:9      | Reached skill level 10 in Armour
  7900 | D:9      | Found a shadowy altar of Dithmenos.
  7901 | D:9      | Found a radiant altar of Vehumet.
  7901 | D:9      | Found a deep blue altar of Sif Muna.
  7902 | D:9      | Found a shimmering altar of Xom.
  7902 | D:9      | Found a shattered altar of Ashenzari.
  7973 | D:10     | Entered Level 10 of the Dungeon
  9043 | D:11     | Reached skill level 14 in Axes
  9141 | D:11     | Noticed a phantasmal warrior
  9143 | D:11     | Noticed a death knight
  9508 | D:11     | Killed a phantasmal warrior
  9602 | D:11     | Noticed a hill giant
  9607 | D:11     | Killed a hill giant
  9646 | D:11     | Noticed a green ugly thing
  9776 | D:12     | Noticed a purple ugly thing
  9793 | D:12     | Killed a purple ugly thing
  9916 | D:12     | Reached skill level 10 in Fighting
  9916 | D:12     | Reached skill level 15 in Axes
  9916 | D:12     | Reached XP level 12. HP: 112/116 MP: 8/8
 10427 | D:13     | Found Oskax's Weapon Shoppe.
 10593 | D:13     | Found Pesmoyv's Food Emporium.
 10605 | D:13     | Noticed a centaur warrior
 10607 | D:13     | Noticed a centaur warrior
 10621 | D:13     | Killed a centaur warrior
 10627 | D:13     | Killed a centaur warrior
 10834 | D:13     | Reached skill level 16 in Axes
 10837 | D:13     | HP: 7/175 [skeletal warrior/trident[a skeletal warrior] (9)]
 10843 | D:13     | Reached ****** piety under Makhleb
 10847 | D:13     | HP: 8/177 [skeletal warrior/glaive[a skeletal warrior] (12)]
 10848 | D:13     | Slain by a skeletal warrior

Skill      XL: |  1  2  3  4  5  6  7  8  9 10 11 12 |
---------------+-------------------------------------+-----
Axes           | 3 4 5 6 8 9 11 12 13 15 16 | 16.2
Fighting       | 3 4 6 7 8 10 | 10.7
Armour         | 6 9 10 | 10.0
Shields        | |  3.2

Action                   |  1- 3 |  4- 6 |  7- 9 | 10-12 || total
-------------------------+-------+-------+-------+-------++-------
Melee: War axe           |    59 |   236 |   412 |   624 ||  1331
       Battleaxe         |       |       |       |   167 ||   167
Throw: Javelin           |       |     3 |    15 |    31 ||    49
 Abil: Device Recharging |       |       |     1 |     3 ||     4
Evoke: Wand              |       |     5 |     9 |     8 ||    22
  Use: Scroll            |     7 |     2 |     6 |    13 ||    28
       Potion            |       |       |     1 |     6 ||     7
  Eat: Chunk             |       |     5 |    11 |    18 ||    34
       Fruit             |       |       |       |     1 ||     1
Armor: Scale mail        |    12 |    86 |    15 |       ||   113
       Plate armour      |       |       |   126 |   297 ||   423
       Skin              |       |       |       |    23 ||    23
Dodge: Dodged            |    11 |    66 |    47 |   103 ||   227
Block: Shield            |    33 |   123 |   179 |   443 ||   778
       Reflection        |       |       |       |    24 ||    24
       Other             |       |       |       |    32 ||    32
